 Dungeon Crawl Stone Soup version 0.20.1-1-g8b1a95d (webtiles) character file.

444 Irenicus the Gouger (level 6, -5/28 HPs)
             Began as a Felid Chaos Knight on Nov 1, 2017.
             Killed from afar by an orc wizard (7 damage)
             ... with a magic dart
             ... on level 4 of the Dungeon.
             The game lasted 00:08:54 (2596 turns).

Irenicus the Gouger (Felid Chaos Knight)            Turns: 2596, Time: 00:08:54

Health: -5/28      AC:  2    Str:  8    XL:     6   Next: 72%
Magic:  7/7        EV: 20    Int: 16    God:    Xom [......]
Gold:   149        SH:  0    Dex: 17    Spells: 5/5 levels left
                                        Lives:  0   Deaths: 2

rFire    + . .     SeeInvis +     - Unarmed
rCold    + . .     Gourm    .   (shield unavailable)
rNeg     . . .     Faith    .   (armour unavailable)
rPois    +         Spirit   .   (helmet unavailable)
rElec    +         Reflect  .   (cloak unavailable)
rCorr    +         Harm     .   (gloves unavailable)
MR       .....                  (boots unavailable)
Stlth    ++........             (no amulet)
Regen    0.1/turn               (no ring)
MPRegen  0.1/turn               (no ring)

@: resistant, flying, quick
A: no armour, no weapons or thrown items, stealth, claws 1, fangs 3, see
invisible, carnivore 3, clever 1, speed 1, shaggy fur 2, slow metabolism 1,
sharp paws
a: Renounce Religion


You were on level 4 of the Dungeon.
You worshipped Xom.
You were a very special plaything of Xom.
You were not hungry.

You visited 1 branch of the dungeon, and saw 4 of its levels.

You collected 149 gold pieces.

Inventory:

Wands
 c - a wand of enslavement (2/24)
 f - a wand of digging (14/24)
Scrolls
 b - 4 scrolls of magic mapping {unknown}
 e - 4 scrolls of remove curse {unknown}
 g - 3 scrolls of identify {unknown}
 h - a scroll of noise {unknown}
 k - a scroll of enchant weapon {unknown}
 l - 2 scrolls of immolation {unknown}
 m - a scroll of blinking {unknown}
 o - a scroll of recharging {unknown}
 p - a scroll of fog {unknown}
Potions
 d - a potion of brilliance
Comestibles
 a - 2 meat rations


   Skills:
 - Level 3.0 Fighting
 - Level 5.0 Dodging
 - Level 3.1 Stealth
 + Level 8.5 Unarmed Combat


You had 5 spell levels left.
You didn't know any spells.

Dungeon Overview and Level Annotations

Branches:
Dungeon (4/15)
 Temple: D:4-7

Altars:
Ashenzari
Dithmenos
Sif Muna
Uskayaw
Vehumet
Xom


Innate Abilities, Weirdness & Mutations

You cannot wear armour.
You are incapable of wielding weapons or throwing items.
Your paws allow you to move quietly. (Stealth)
You have sharp claws.
You have razor-sharp teeth.
You have supernaturally acute eyesight. (SInv)
You are carnivorous and can eat meat at any time.
You cover ground quickly.
You are covered in thick fur. (AC +2)
You have a slow metabolism.
Your sharp claws are effective at attacking unaware monsters.
Your mind is acute. (Int +2)


Message History

You kill the orc!
The orc throws a tomahawk.
The tomahawk completely misses you.
The orc throws a tomahawk.
The tomahawk misses you.
Things that are here:
a flail; an orc corpse It was a potion of mutation.
You feel extremely strange.
Your slimy green scales disappear.
You feel clever.
The orc throws a tomahawk.
The tomahawk barely misses you.
It was a potion of resistance.
You feel protected.
The orc throws a tomahawk.
The tomahawk misses you.
It was a potion of flight.
You feel very buoyant.
You fly up into the air.
Okay, then.
You barely miss the orc wizard.
The orc wizard points at you and mumbles some strange words.
The magic dart hits you!
You die...
Xom thinks this is hilarious!

### #.#.. * #.#.# , ,#.#.# #.#.#
#### *, ,# #o#.# #..# * #.#.#o#
##..# ##### ####.#.#@#### #§§.#
......,,....l..o(..># ##§#.#
###### *######..###########§§§##
#...## ##...##.(.........#§#§#§##
.....###.....##.########§§§§§§§§.
..%...#.......#........§§#§#§#§#.
..)...#.......#.......b...#.§o##.
......#.......#._.........##§#..#
.....###.....##.........[.# §#..'


You could see an orc wizard, an orc and a frilled lizard.

Vanquished Creatures
  Grinder (D:4)
  An eye of draining (D:4)
  An ogre (D:4)
  Blork the orc (D:4)
  A scorpion (D:4)
  A jelly (D:4)
  A hound (D:4)
  2 iguanas (D:4)
  An orc wizard (D:4)
  2 worker ants (D:4)
  The ghost of letownia2 the Grave Robber, a weakling DDNe (D:4)
  4 gnolls (D:3)
  7 adders
  An ooze (D:3)
  3 dart slugs
  6 orcs
  5 bats
  5 giant cockroaches
  5 hobgoblins
  2 jackals (D:1)
  10 kobolds
  A quokka (D:4)
  4 ball pythons
  6 frilled lizards
  5 goblins
  9 rats
  A butterfly (D:4)
87 creatures vanquished.

Notes
Turn   | Place    | Note
-------+----------+-------------------------------------------
     0 | D:1      | Irenicus the Felid Chaos Knight began the quest for the Orb.
     0 | D:1      | Reached XP level 1. HP: 10/10 MP: 2/2
    54 | D:1      | XOM: silly message
   175 | D:1      | Reached XP level 2. HP: 11/14 MP: 3/3
   225 | D:1      | XOM: harmless Tmut miscast
   356 | D:1      | Reached skill level 4 in Unarmed Combat
   376 | D:1      | XOM: harmless Erth miscast
   698 | D:2      | Found a hide-covered altar of Uskayaw.
   698 | D:2      | Found a shattered altar of Ashenzari.
   704 | D:2      | Found a deep blue altar of Sif Muna.
   754 | D:2      | Reached XP level 3. HP: 17/17 MP: 4/4
  1049 | D:2      | XOM: mild Pois miscast
  1277 | D:2      | XOM: confuse monster(s)
  1287 | D:2      | Found a shimmering altar of Xom.
  1476 | D:3      | Reached skill level 5 in Unarmed Combat
  1476 | D:3      | Reached XP level 4. HP: 13/21 MP: 5/5
  1604 | D:3      | Reached skill level 1 in Stealth
  1822 | D:3      | XOM: give mutation
  1822 | D:3      | Gained mutation: You are partially covered in slimy green scales. (AC +2) [Xom's grace]
  1929 | D:3      | Noticed an ogre
  1929 | D:3      | Reached XP level 5. HP: 24/24 MP: 6/6
  1943 | D:4      | Found a radiant altar of Vehumet.
  1964 | D:4      | Found a shadowy altar of Dithmenos.
  1995 | D:4      | Noticed a sky beast
  1997 | D:4      | XOM: scenery: create altars
  2034 | D:4      | HP: 1/24 [orc/flail (7)]
  2035 | D:4      | Mangled by an orc
  2036 | D:4      | Reached XP level 4. HP: -7/21 MP: 5/5
  2036 | D:4      | XOM: scenery: create altars
  2072 | D:4      | Noticed letownia2's ghost (weakling DDNe)
  2083 | D:4      | Reached skill level 5 in Dodging
  2091 | D:4      | XOM: noise
  2094 | D:4      | Killed letownia2's ghost
  2100 | D:4      | Reached XP level 5. HP: 20/24 MP: 6/6
  2202 | D:4      | XOM: swap monsters
  2282 | D:4      | Noticed Grinder
  2312 | D:4      | XOM: harmless Conj miscast
  2315 | D:4      | XOM: confuse monster(s)
  2316 | D:4      | XOM: blink monster(s)
  2332 | D:4      | XOM: potion effect (agility)
  2333 | D:4      | Killed Grinder
  2333 | D:4      | Reached skill level 6 in Unarmed Combat
  2333 | D:4      | Gained mutation: You are covered in thick fur. (AC +2) [Felid growth]
  2333 | D:4      | Reached XP level 6. HP: 17/28 MP: 7/7
  2379 | D:4      | Reached skill level 7 in Unarmed Combat
  2388 | D:4      | Reached XP level 7. HP: 23/31 MP: 8/8
  2435 | D:4      | Noticed Blork the orc
  2449 | D:4      | Killed Blork the orc
  2449 | D:4      | Reached skill level 8 in Unarmed Combat
  2473 | D:4      | Noticed Pikel
  2476 | D:4      | Mangled by Pikel
  2477 | D:4      | Reached XP level 6. HP: -6/42 MP: 7/7
  2505 | D:4      | XOM: divination: magic mapping
  2508 | D:4      | XOM: potion effect (haste)
  2522 | D:4      | XOM: scenery: 1 doors close
  2533 | D:4      | XOM: repel stairs
  2548 | D:4      | Noticed Pikel
  2548 | D:4      | Pikel changed into Pikel the eye of draining
  2548 | D:4      | XOM: polymorph Pikel -> Pikel the eye of draining
  2550 | D:4      | Killed Pikel the eye of draining
  2593 | D:4      | Lost mutation: You are partially covered in slimy green scales. (AC +2) [potion of mutation]
  2593 | D:4      | Gained mutation: Your mind is acute. (Int +2) [potion of mutation]
  2596 | D:4      | Killed from afar by an orc wizard

Skill      XL: |  1  2  3  4  5  6  7 |
---------------+----------------------+-----
Unarmed Combat | 4 5 6 7 8 |  8.5
Stealth        | 3 |  3.1
Dodging        | 5 4 |  5.0
Fighting       | |  3.0

Action                   |  1- 3 |  4- 6 |  7- 9 || total
-------------------------+-------+-------+-------++-------
Melee: Unarmed           |   112 |   142 |    15 ||   269
       Bite              |     8 |     9 |     1 ||    18
       Punch             |       |     2 |       ||     2
  Use: Potion            |       |     4 |     3 ||     7
 Stab: Sleeping          |     7 |    11 |       ||    18
  Eat: Chunk             |     2 |       |     7 ||     9
Armor: Skin              |     4 |     5 |     2 ||    11
Dodge: Dodged            |    91 |    84 |     9 ||   184
